 Dungeon Crawl Stone Soup version 0.29.0-7-g18a832c13a (webtiles) character file.

Game seed: 3678022280734671820

37 SensoryNuts the Shield-Bearer (level 3, -4/29 HPs)
             Began as a Human Fighter on Aug 30, 2022.
             Slain by Sigmund
             ... wielding a +0 scythe
              (5 damage)
             ... on level 2 of the Dungeon.
             The game lasted 00:01:58 (1751 turns).

SensoryNuts the Shield-Bearer (Human Fighter)       Turns: 1751, Time: 00:01:58

Health: -4/29      AC:  6    Str: 18    XL:     3   Next: 60%
Magic:  3/3        EV:  9    Int:  8    God:
Gold:   41         SH:  0    Dex: 12    Spells: 2/2 levels left

rFire   . . .      SeeInvis .   a - +1 war axe
rCold   . . .      Faith    .   c - +0 buckler
rNeg    . . .      Spirit   .   b - +0 scale mail
rPois   .          Reflect  .   (no helmet)
rElec   .          Harm     .   (no cloak)
rCorr   .          Rampage  .   (no gloves)
Will    .....                   (no boots)
Stlth   ..........              (no amulet)
HPRegen 0.09/turn               (no ring)
MPRegen 0.08/turn               (no ring)

@: confused, mighty
A: no striking features
a: no special abilities


You were on level 2 of the Dungeon.
You visited 1 branch of the dungeon, and saw 2 of its levels.

You collected 41 gold pieces.

Inventory:

Hand Weapons
 a - a +1 war axe (weapon)
Armour
 b - a +0 scale mail (worn)
 c - a +0 buckler (worn)
Scrolls
 e - a scroll of teleportation
Potions
 f - a potion of curing
 g - a potion of berserk rage {unknown}
 h - a potion of magic {unknown}


   Skills:
 + Level 3.2 Fighting
 * Level 2.5 Axes
 + Level 3.3 Armour
 + Level 3.4 Shields


You had 2 spell levels left.
You didn't know any spells.
Your spell library contained the following spells:

 Spells                   Type           Power      Damage    Failure   Level
 Necrotise                Necr           0%         1d4       87%         1
 Vampiric Draining        Necr           0%         2d6       99%         3
 Agony                    Necr           0%         N/A       100%        5


Dungeon Overview and Level Annotations

Branches:
Dungeon (2/15)

Altars:

Annotations:
D:2 Sigmund


Message History

Level annotation: Sigmund Sigmund points at you and mumbles some strange words.
You struggle to resist.
There is a stone staircase leading up here.
You climb upwards.
There is a stone staircase leading down here.
You climb downwards.
Level annotation: Sigmund Sigmund zaps a wand.
The puff of flame hits you.
Sigmund zaps a wand.
You block the puff of flame.
There is a stone staircase leading up here.
Sigmund is nearby!
Found 12 gold pieces.
Sigmund is nearby!
You feel very mighty all of a sudden.
Sigmund hits you from afar with a +0 scythe!
You hit Sigmund.
Sigmund is moderately wounded.
Sigmund zaps a wand.
The puff of flame hits you! Sigmund casts a spell at you.
The magic dart hits you.
* * * LOW HITPOINT WARNING * * *
You closely miss Sigmund.
Sigmund is moderately wounded.
Sigmund points at you and mumbles some strange words.
You are confused.
You bump into the rock wall.
Sigmund zaps a wand.
The puff of flame misses you.
You bump into the rock wall.
Sigmund closely misses you. Sigmund attacks as you move away!
Sigmund misses you. Sigmund casts a spell at you.
You are more confused.
A bat comes into view.
Sigmund hits you from afar with a +0 scythe.
* * * LOW HITPOINT WARNING * * *
The bat barely misses you.
You miss Sigmund.
Sigmund is lightly wounded.
You barely miss the bat. The bat hits you but does no damage. x2
Sigmund hits you with a +0 scythe.
You die...

#.#..#.#$.##.#....#.##.##.
#.#..#.......####.#.##.##.
.......#..................
....#.#..................
##..#.......####....#..#.
.#..........รท####....#..#.
.....^.##............#..#.
#...........##..........
#.....b@...........#..#.
##....##@...........#..#.
......###.#.#.###....#..#.
............#.............
###...###...#.####.#.#..#.
.... ....#.####.#.#....
###. ...................
####..#.............
.....$.....#..#.


You could see Sigmund (empowered) and a bat.

Vanquished Creatures
  A worm (D:2)
  2 dart slugs (D:2)
  4 endoplasms
  2 giant cockroaches (D:1)
  3 goblins (D:1)
  A hobgoblin (D:1)
  3 kobolds (D:1)
  A quokka (D:2)
  4 ball pythons
  A bat (D:2)
  3 frilled lizards (D:1)
  4 rats
29 creatures vanquished.

Notes
Turn   | Place    | Note
-------+----------+-------------------------------------------
     0 | D:1      | SensoryNuts the Human Fighter began the quest for the Orb.
     0 | D:1      | Reached XP level 1. HP: 18/18 MP: 1/1
   177 | D:1      | Reached XP level 2. HP: 22/24 MP: 2/2
   848 | D:1      | Reached XP level 3. HP: 29/29 MP: 3/3
   902 | D:1      | Found a faded altar of an unknown god.
  1303 | D:2      | Noticed Sigmund
  1749 | D:2      | HP: 1/29 [Sigmund/+0 scythe (4)]
  1751 | D:2      | Slain by Sigmund

Illustrated notes

Levels and vault maps discovered:
D:1:      mushboom_english_gardens, layout_basic,
          shapermc_ecumenical_altar_petra, chequers_serial_rivers_small_a
D:2:      layout_basic, minmay_close_crescents, uniq_crazy_yiuf_cottage,
          uniq_sigmund

Action                   || total
-------------------------++-------
Melee: War axe           ||    68
  Use: Scroll            ||     4
       Potion            ||     1
Armor: Scale mail        ||    34
Dodge: Dodged            ||    33
Block: Buckler           ||    15
